 Dungeon Crawl Stone Soup version 0.29.1-1-gd02db6906a (webtiles) character file.

Game seed: 9477398273443941384

42 xian the Gusty (level 3, -1/19 HPs)
             Began as a Tengu Air Elementalist on Oct 2, 2022.
             Slain by a quokka (4 damage)
             ... on level 3 of the Dungeon.
             The game lasted 00:03:23 (2572 turns).

xian the Gusty (Tengu Air Elementalist)             Turns: 2572, Time: 00:03:24

Health: -1/19      AC:  2    Str:  8    XL:     3   Next: 54%
Magic:  2/7        EV: 12    Int: 17    God:
Gold:   160        SH:  0    Dex: 14    Spells: 6/7 levels left

rFire   + . .      SeeInvis .   d - +0 short sword
rCold   . . .      Faith    .   (no shield)
rNeg    . . .      Spirit   .   a - +0 robe
rPois   .          Reflect  .   (helmet restricted)
rElec   .          Harm     .   (no cloak)
rCorr   .          Rampage  .   (no gloves)
Will    .....                   (boots unavailable)
Stlth   ++........              (no amulet)
HPRegen 0.06/turn               q - ring of protection from fire
MPRegen 0.10/turn               (no ring)

@: no status effects
A: beak, talons 3
a: no special abilities


You were on level 3 of the Dungeon.
You visited 1 branch of the dungeon, and saw 3 of its levels.

You collected 160 gold pieces.

Inventory:

Hand Weapons
 d - a +0 short sword (weapon)
Missiles
 j - 11 boomerangs
Armour
 a - a +0 robe (worn)
Jewellery
 q - a ring of protection from fire (left hand)
Scrolls
 f - 2 scrolls of teleportation {unknown}
 g - 2 scrolls of butterflies {unknown}
 h - a scroll of blinking {unknown}
 l - a scroll of identify {unknown}
 n - a scroll of immolation {unknown}
 o - a scroll of summoning {unknown}
 p - a scroll of fear {unknown}
 r - a scroll of poison {unknown}
Potions
 b - a potion of magic
 c - 2 potions of lignification {unknown}
 e - 2 potions of mutation {unknown}
 i - a potion of flight {unknown}
 k - a potion of curing {unknown}
 m - a potion of heal wounds {unknown}


   Skills:
 + Level 2.3 Dodging
 + Level 2.1 Stealth
 + Level 2.6 Spellcasting
 + Level 2.1 Conjurations
 + Level 4.8 Air Magic


You had 6 spell levels left.
You knew the following spells:

 Your Spells              Type           Power      Damage    Failure   Level
a - Shock                 Conj/Air       56%        1d6       4%          1

Your spell library contained the following spells:

 Spells                   Type           Power      Damage    Failure   Level
 Static Discharge         Conj/Air       14%        3-5/arc   7%          2
 Magic Dart               Conj           36%        1d4       8%          1
 Swiftness                Air            18%        N/A       8%          3
 Searing Ray              Conj           18%        2d5       11%         2
 Airstrike                Air            9%         2d(2-18)  26%         4
 Fulminant Prism          Conj/Hex       2%         3d6       75%         4


Dungeon Overview and Level Annotations

Branches:
Dungeon (3/15)

Altars:


Innate Abilities, Weirdness & Mutations

You have a beak for a mouth.
You have claws for feet.


Message History

The giant cockroach closely misses you.
The zap hits the giant cockroach.
The giant cockroach is severely wounded.
The giant cockroach completely misses you.
The zap hits the giant cockroach.
You kill the giant cockroach!
You can't see any susceptible monsters within range! (Use Z to cast anyway.)
Found 4 poisoned darts.
You now have 160 gold pieces (gained 6).
You open the door.
An iguana and a quokka come into view.
The zap hits the iguana.
The iguana is lightly wounded.
The iguana hisses angrily.
The zap hits the iguana.
The iguana is heavily wounded.
The zap misses the quokka. x2; The iguana barely misses you.
The zap hits the iguana but does no damage.
The iguana is heavily wounded.
The zap misses the quokka.
The iguana bites you!
The zap hits the iguana.
The iguana is heavily wounded.
The zap misses the quokka.
The iguana barely misses you.
The zap misses the iguana.
The zap misses the quokka.
The iguana closely misses you.
The zap misses the iguana.
The zap misses the quokka.
The iguana bites you!
You are too injured to fight recklessly!
You are too injured to fight recklessly!
You are too injured to fight recklessly!
Unknown command.
The iguana hisses menacingly.
The iguana attacks as you move away! The iguana closely misses you.
Okay, then.
The iguana completely misses you. The quokka barely misses you.
You open the door. The quokka bites you.
* * * LOW HITPOINT WARNING * * *
The iguana barely misses you.
There is an open door here.
The quokka attacks as you move away! The quokka bites you.
You die...

.....+......#
#####'##.#......#
#......#.#......#
#......#.#......#
#......#.#......#
......#....#......#
.....##..........##
.(##. #...######.#
. # +..lr@.....#
#...#####..#######
#...# #.........
#...# ##.##>....
#...# #.#######
##### #......#
######.# #.# #.#


You could see an iguana and a quokka.

Vanquished Creatures
  An adder (D:3)
  A dart slug (D:1)
  5 bats
  3 endoplasms
  3 giant cockroaches
  3 goblins (D:1)
  A hobgoblin (D:1)
  3 ball pythons (D:1)
  2 frilled lizards
  4 kobolds
  3 rats
29 creatures vanquished.

Vanquished Creatures (others)
  A plant (D:1)
1 creature vanquished.

Grand Total: 30 creatures vanquished

Notes
Turn   | Place    | Note
-------+----------+-------------------------------------------
     0 | D:1      | xian the Tengu Air Elementalist began the quest for the
                  | Orb.
     0 | D:1      | Reached XP level 1. HP: 10/10 MP: 4/4
   340 | D:1      | Reached XP level 2. HP: 15/15 MP: 3/6
  1513 | D:2      | Found a faded altar of an unknown god.
  1791 | D:2      | Reached XP level 3. HP: 19/19 MP: 4/7
  2572 | D:3      | Slain by a quokka

Illustrated notes

Levels and vault maps discovered:
D:1:      elethiomel_arrival_infinity_welcomes_careful_drivers, layout_basic,
          serial_rivers, chequers_serial_rivers_small_b,
          chequers_serial_rivers_marsh, chequers_serial_rivers_micro_c,
          chequers_serial_rivers_micro_e, supply_closet_lemuel,
          serial_bayou_pond_c
D:2:      wander_river, layout_loops_corners,
          shapermc_ecumenical_altar_totnotflames
D:3:      layout_basic

Skill      XL: |  1  2  3 |
---------------+----------+-----
Conjurations   | 2 |  2.1
Dodging        | |  2.3
Stealth        | |  2.1
Spellcasting   | |  2.6
Air Magic      | |  4.8

Action                   || total
-------------------------++-------
 Cast: Shock             ||    68
Armor: Robe              ||     2
Dodge: Dodged            ||    21
